 Dungeon Crawl Stone Soup version 0.30-b1-2-g02819fbbbe (webtiles) character file.

Game seed: 14911101939178886883

612767 magipi the Cryomancer (level 27, -38/163 HPs)
             Began as a Gargoyle Earth Elementalist on May 30, 2023.
             Was the Champion of Vehumet.
             Annihilated by Fuur Nagh the pandemonium lord (54 damage)
             ... on level 5 of a ziggurat on June 2, 2023.
             The game lasted 07:24:48 (104552 turns).

magipi the Cryomancer (GrEE)                      Turns: 104552, Time: 07:24:49

Health: -38/163    AC: 35    Str: 12    XL:     27
Magic:  0/45       EV: 21    Int: 39    God:    Vehumet [******]
Gold:   3615       SH:  0    Dex: 16    Spells: 3/62 levels left

rFire   + + .        b - staff of cold "Emujom" {+Blink rC+ Int+2}
rCold   + + +        P - orb {mayhem}
rNeg    + + +        o - +2 robe {rC+ rF+}
rPois   ∞            U - +2 helmet {Int+3}
rElec   +            i - +0 cloak of Suiguh {Rampage rPois rCorr Int+2}
rCorr   +            Z - +0 pair of gloves of Marbles {rC++ Will+}
SInv    +            A - +2 pair of boots
Will    +++..        r - amulet of Tefyfuo {Rampage rN++ Regen+ Int+2 SInv}
Stlth   ++++         z - ring of wizardry
HPRegen 1.27/turn    f - ring "Paixoipt" {rF+ Dex+6 Slay+5}
MPRegen 0.29/turn

%: mayhem, rampage, wizardry (x1)
@: mighty, agile, in a vortex, flying, studying 3 skills
A: sickness immunity, AC +20, big wings, negative energy resistance 1,
electricity resistance, torment resistance 1, petrification resistance
}: 4/15 runes: barnacled, slimy, silver, gossamer
a: Renounce Religion, Evoke Blink


You were on level 5 of a ziggurat.
You worshipped Vehumet.
Vehumet was exalted by your worship.
You visited 12 branches of the dungeon, and saw 52 of its levels.
You visited 1 ziggurat, and saw 5 of its levels.
You also visited: Ossuary and Wizlab.

You collected 9537 gold pieces.
You spent 5922 gold pieces at shops.

Inventory:

Hand Weapons
 a - a +4 dagger of flaming
   (You took it off an orc on level 3 of the Dungeon)
 w - a +4 demon trident of freezing
   (You took it off a merfolk impaler on level 3 of the Shoals)
Missiles
 k - 3 throwing nets
 J - 25 boomerangs
 K - 16 silver javelins (quivered)
Armour
 i - the +0 cloak of Suiguh (worn) {Rampage rPois rCorr Int+2}
   (You bought it in a shop on level 1 of the Depths)

   Int:       It affects your intelligence (+2).
   rPois:     It protects you from poison.
   rCorr:     It protects you from acid and corrosion.
   Rampage:   It bestows one free step when moving towards enemies.
 o - a +2 robe of resistance (worn)
   (You found it on level 5 of the Pits of Slime)
 A - a +2 pair of boots (worn)
   (You found it on level 2 of the Shoals)
 P - an orb of mayhem (worn)
   (You found it on level 14 of the Dungeon)
 U - a +2 helmet of intelligence (worn)
   (You found it on level 4 of the Lair of Beasts)
 Z - the +0 pair of gloves of Marbles (worn) {rC++ Will+}
   (You found it on level 1 of the Crypt)

   rC:        It greatly protects you from cold.
   Will:      It increases your willpower.
Magical Staves
 b - the staff of cold "Emujom" (weapon) {+Blink rC+ Int+2}
   (You found it on level 1 of the Vaults)

   [staff of cold]

   Base accuracy: +5 Base damage: 5 Base attack delay: 1.2 This weapon's minimum
   attack delay (0.6) is reached at skill level 12.
   Int:       It affects your intelligence (+2).
   rC:        It protects you from cold.
   +Blink:    It lets you blink.
   It falls into the 'Staves' category.
   It is a one-handed weapon.
 h - the staff of fire "Xudonuu" {rF+ Int+5 Dex+4}
   (You found it on level 13 of the Dungeon)

   [staff of fire]

   Base accuracy: +5 Base damage: 5 Base attack delay: 1.2 This weapon's minimum
   attack delay (0.6) is reached at skill level 12.
   Int:       It affects your intelligence (+5).
   Dex:       It affects your dexterity (+4).
   rF:        It protects you from fire.
   It falls into the 'Staves' category.
   It is a one-handed weapon.
Jewellery
 f - the ring "Paixoipt" (right hand) {rF+ Dex+6 Slay+5}
   (You found it on level 3 of a ziggurat)

   [ring of dexterity]

   Dex:       It affects your dexterity (+6).
   Slay:      It affects your accuracy & damage with ranged weapons and melee
   (+5).
   rF:        It protects you from fire.
 r - the amulet of Tefyfuo (around neck) {Rampage rN++ Regen+ Int+2 SInv}
   (You took it off a deep elf sorcerer on level 3 of the Elven Halls)

   [amulet of regeneration]

   Int:       It affects your intelligence (+2).
   rN:        It greatly protects you from negative energy.
   SInv:      It lets you see invisible.
   Regen:     It increases your rate of health regeneration.
   Rampage:   It bestows one free step when moving towards enemies.
 v - a +5 ring of evasion
   (You took it off a tengu reaver on level 5 of the Vaults)
 z - a ring of wizardry (left hand)
   (You found it on level 1 of the Dungeon)
Wands
 d - a wand of digging (24)
   (You found it on level 1 of the Spider Nest)
 e - a wand of paralysis (54)
   (You found it on level 3 of the Shoals)
 n - a wand of light (20)
   (You found it on level 2 of the Depths)
 y - a wand of iceblast (60)
   (You found it on level 2 of the Lair of Beasts)
 O - a wand of polymorph (43)
   (You found it on level 12 of the Dungeon)
Scrolls
 l - 11 scrolls of fear
 t - 4 scrolls of fog
 u - 14 scrolls of vulnerability
 H - 2 scrolls of summoning
 I - 9 scrolls of magic mapping
 L - 2 scrolls of silence
 R - 3 scrolls of blinking
 S - 16 scrolls of teleportation
 Y - 8 scrolls of immolation
Potions
 c - 8 potions of brilliance
 g - 8 potions of resistance
 j - 3 potions of haste
 m - 7 potions of lignification
 x - 8 potions of cancellation
 B - 5 potions of heal wounds
 C - 10 potions of mutation
 E - 5 potions of invisibility
 F - 16 potions of might
 G - 6 potions of berserk rage
 M - 6 potions of ambrosia
 W - 19 potions of curing
Miscellaneous
 q - a phantom mirror
   (You found it on level 5 of the Vaults)
 s - a tin of tremorstones (inert)
   (You found it on level 3 of the Vaults)
 Q - a lightning rod (4/4)
   (You found it on level 9 of the Dungeon)
 T - a box of beasts
   (You found it on level 3 of the Lair of Beasts)


   Skills:
 - Level 14.0 Fighting
 - Level 8.7(10.1) Short Blades
 - Level 8.2(10.0) Long Blades
 - Level 12.0 Throwing
 - Level 11.0 Armour
 - Level 7.8 Dodging
 - Level 10.0 Stealth
 - Level 10.0 Shields
 - Level 18.0 Spellcasting
 - Level 12.0 Conjurations
 - Level 14.0 Necromancy
 - Level 6.0 Translocations
 * Level 4.7 Transmutations
 - Level 22.0 Ice Magic
 - Level 10.0 Air Magic
 + Level 21.8 Earth Magic
 - Level 10.0 Evocations


You had 3 spell levels left.
You knew the following spells:

 Your Spells              Type           Power      Damage    Failure   Level
a - Apportation           Tloc           100%       N/A       1%          1
b - Blink                 Tloc           100%       N/A       1%          2
e - Sandblast             Erth           100%       2d20      0%          1
l - Lee's Rapid Deconstr  Erth           58%        3d27*     0%          5
s - Stone Arrow           Conj/Erth      100%       3d13      0%          3
u - Dispel Undead         Necr           97%        3d30      1%          4
w - Passwall              Tmut/Erth      79%        N/A       0%          2
C - Freezing Cloud        Conj/Ice/Air   61%        6-21      1%          5
I - Iron Shot             Conj/Erth      52%        9d10      1%          6
N - Necromutation         Tmut/Necr      41%        N/A       41%         8
P - Petrify               Tmut/Erth      95%        N/A       1%          4
S - Shatter               Erth           58%        3d44*     1%          9
V - Polar Vortex          Ice            71%        N/A       1%          9

Your spell library contained the following spells:

 Spells                   Type           Power      Damage    Failure   Level
 Chain Lightning          Conj/Air       44%        3d58      61%         9
 Kiss of Death            Conj/Necr      100%       2d13      0%          1
 Magic Dart               Conj           100%       1d8       0%          1
 Necrotise                Necr           100%       1d9       0%          1
 Shock                    Conj/Air       100%       1d9       0%          1
 Ensorcelled Hibernation  Hex/Ice        100%       N/A       0%          2
 Searing Ray              Conj           100%       2d8       0%          2
 Static Discharge         Conj/Air       100%       2-7/arc   0%          2
 Vampiric Draining        Necr           97%        2d12      0%          3
 Foxfire                  Conj/Fire      100%       2x1d9     1%          1
 Sting                    Tmut/Pois      100%       1d8       1%          1
 Summon Small Mammal      Summ           100%       N/A       1%          1
 Call Imp                 Summ           70%        N/A       1%          2
 Lesser Beckoning         Tloc           100%       N/A       1%          2
 Momentum Strike          Conj/Tloc      100%       3d10      1%          2
 Poisonous Vapours        Pois/Air       100%       N/A       1%          2
 Scorch                   Fire           70%        2d7       1%          2
 Wereblood                Tmut           64%        N/A       1%          2
 Call Canine Familiar     Summ           35%        N/A       1%          3
 Confusing Touch          Hex            35%        N/A       1%          3
 Dazzling Flash           Conj/Hex       100%       N/A       1%          3
 Gell's Gravitas          Tloc           69%        N/A       1%          3
 Ignite Poison            Fire/Tmut/Pois 47%        N/A       1%          3
 Inner Flame              Hex/Fire       35%        N/A       1%          3
 Mephitic Cloud           Conj/Pois/Air  75%        N/A       1%          3
 Portal Projectile        Hex/Tloc       100%       N/A       1%          3
 Spider Form              Tmut/Pois      52%        N/A       1%          3
 Summon Guardian Golem    Hex/Summ       35%        N/A       1%          3
 Teleport Other           Tloc           69%        N/A       1%          3
 Tukima's Dance           Hex            35%        N/A       1%          3
 Vhi's Electric Charge    Tloc/Air       100%       N/A       1%          3
 Volatile Blastmotes      Fire/Tloc      100%       2d18      1%          3
 Borgnjor's Vile Clutch   Necr/Erth      54%        N/A       0%          5
 Anguish                  Hex/Necr       37%        N/A       1%          4
 Animate Armour           Summ/Erth      100%       N/A       1%          4
 Animate Dead             Necr           97%        N/A       1%          4
 Flame Wave               Conj/Fire      69%        2d16      1%          4
 Fulminant Prism          Conj/Hex       34%        3d16      1%          4
 Iskenderun's Mystic Bla  Conj/Tloc      81%        2d16      1%          4
 Leda's Liquefaction      Hex/Erth       44%        N/A       1%          4
 Manifold Assault         Tloc           69%        N/A       1%          4
 Sticky Flame             Conj/Fire      69%        2d8       1%          4
 Agony                    Necr           97%        N/A       1%          5
 Arcjolt                  Conj/Air       44%        1d54      1%          5
 Blade Hands              Tmut           32%        N/A       1%          5
 Fireball                 Conj/Fire      34%        3d14      1%          5
 Irradiate                Conj/Tmut      39%        3d24      1%          5
 Iskenderun's Battlesphe  Conj           91%        2d14      1%          5
 Silence                  Hex/Air        32%        N/A       1%          5
 Conjure Ball Lightning   Conj/Air       44%        3x3d15    1%          6
 Death Channel            Necr           48%        N/A       1%          6
 Plasma Beam              Fire/Air       32%        2x1d50    1%          6
 Simulacrum               Ice/Necr       66%        N/A       1%          6
 Starburst                Conj/Fire      34%        6d10      1%          6
 Orb of Destruction       Conj           45%        9d12      1%          7
 Ozocubu's Refrigeration  Ice            71%        4d23      1%          7
 Lehudib's Crystal Spear  Conj/Erth      52%        10d12     1%          8
 Alistair's Intoxication  Tmut/Pois      34%        N/A       3%          5
 Dispersal                Tloc           34%        N/A       4%          6
 Spellforged Servitor     Conj/Summ      34%        N/A       7%          7
 Borgnjor's Revivificati  Necr           48%        N/A       7%          8
 Infestation              Necr           48%        N/A       7%          8
 Maxwell's Capacitive Co  Air            42%        ∞         10%         8
 Haunt                    Necr/Summ      37%        N/A       16%         7
 Dragon Form              Tmut           32%        N/A       36%         7
 Summon Cactus Giant      Summ           17%        N/A       43%         6
 Death's Door             Necr           48%        N/A       69%         9
 Disjunction              Tloc           34%        N/A       86%         8
 Enfeeble                 Hex            17%        N/A       93%         7
 Summon Hydra             Summ           17%        N/A       93%         7
 Ignition                 Fire           17%        3d7       98%         8
 Fire Storm               Conj/Fire      34%        8d9       99%         9
 Discord                  Hex            17%        N/A       100%        8
 Sublimation of Blood     Necr           Unusable   N/A       N/A         2
 Cigotuvi's Dreadful Rot  Necr/Pois/Air  Unusable   N/A       N/A         2

Dungeon Overview and Level Annotations

Branches:
Dungeon (15/15)            Temple (1/1) D:4            Lair (5/5) D:8
 Shoals (4/4) Lair:2       Spider (4/4) Lair:3        Slime (5/5) Lair:5
    Orc (2/2) D:10            Elf (3/3) Orc:2        Vaults (5/5) D:13
  Crypt (3/3) Vaults:3       Tomb (0/3) Crypt:3      Depths (4/4) D:15
   Hell (visited)             Dis (0/7) Hell            Geh (0/7) Hell
    Coc (0/7) Hell            Tar (0/7) Hell            Zot (0/5) Depths:4
Ossuary (visited)          WizLab (visited)

Altars:
Ashenzari
Cheibriados
Dithmenos
Elyvilon
Fedhas
Gozag
Hepliaklqana
Kikubaaqudgha
Makhleb
Nemelex Xobeh
Okawaru
Qazlal
Ru
Sif Muna
Trog
Uskayaw
Vehumet
Wu Jian
Xom
Yredelemnul
Zin
The Shining One
Jiyva

Shops:
D:9 !!   D:11 (   D:12 [   Orc:2 =*((   Shoals:2 (**[   Shoals:3 :
Depths:1 *[[[

Portals:
Hell: Depths:1 Depths:2 Depths:3 Depths:4
Abyss: Depths:3 Depths:4
Pandemonium: Depths:2 Depths:4

Annotations:
Elf:2 3 runed translucent doors


Innate Abilities, Weirdness & Mutations

You are immune to sickness and miasma.
Your stone body is resilient. (AC +20)
You are immune to poison.
Your large and strong wings let you fly.
You resist negative energy. (rN+)
You are resistant to electric shocks. (rElec)
You are resistant to unholy torment.
You are immune to petrification.


Message History

You don't have enough magic to cast this spell.
Unknown command.
Unknown command.
Blink to where?
Press: ? - help, Dir - move target, p - Fuur Nagh
As you read the scroll of blinking, it crumbles to dust.
The Ice Fiend gestures at you. The bolt of cold hits you! You resist.
* * * LOW HITPOINT WARNING * * *
Unknown command.
Unknown command.
Unknown command.
Okay, then.
Unknown command.
Magic courses through your body.
You feel much better. The winds around you calm down.
Fuur Nagh hits you but does no damage.
Casting: Iron Shot (safe; 1% risk of failure)
Confirm with . or Enter, or press ? or * to list all spells.
You feel a surge of power!
A great freezing vortex appears around you.
You are engulfed in seething chaos.
Fuur Nagh hits you but does no damage. x2
The Ice Fiend is engulfed in seething chaos.
Unknown command.
Unknown command.
Really fly into that cloud of seething chaos?
You are engulfed in seething chaos.
You feel very mighty all of a sudden.
Unknown command.
Unknown command.
You kill the Ice Fiend!
Vehumet accepts your kill.
You feel your power returning.
Fuur Nagh flies into a frenzy!
Fuur Nagh is engulfed in seething chaos.
Fuur Nagh hits you!!!
* * * LOW HITPOINT WARNING * * *
You feel your power leaking away. Fuur Nagh hits you!!!
You die...

▓▓▓▓▓▓▓▓▓▓▓
▓▓§§§&§§§§/▓▓
▓▓§§§§@§§§§!$▓▓
▓▓.§§§§§§§§§!)∩▓▓
▓.∩§§§§§§§§§/?>$▓
▓▓.§§§§§§§§§[)∩▓▓
▓▓§§§§§§§§§[/▓▓
▓▓........(▓▓
▓▓▓▓▓▓▓▓▓▓▓


You could see the neutral Fuur Nagh (fast, strong, insane, clouds).

Vanquished Creatures
  the Royal Jelly (Slime:5)
  2 ancient liches
  2 juggernauts (Depths:2)
  Boris (Depths:4)
  The ghost of handsome the Unseen, a veteran OpWn of Xom (Vaults:1)
  A caustic shrike (Depths:2)
  The ghost of casual the Hoplite, a veteran MiMo of Hepliaklqana (Vaults:1)
  Geryon (Hell)
  The ghost of Janeylunn the Victor of a Thousand Battles, a veteran GnWn of Okawaru (Depths:1)
  The ghost of Marixus the Executioner, an adept HOFi of Beogh (Vaults:1)
  4 golden dragons
  3 tentacled monstrosities
  A shard shrike zombie (Crypt:3)
  A pandemonium lord (Zig:4)
  A hellephant (Hell)
  A walking crystal tome (Depths:4)
  A tainted leviathan (Hell)
  Zenata (Vaults:3)
  6 liches
  Jorgrun (D:14)
  An Ice Fiend (Zig:5)
  5 titans
  A walking earthen tome (Depths:2)
  A walking frostbound tome (Depths:2)
  A quicksilver dragon (Vaults:5)
  2 deep elf blademasters (Elf:3)
  4 deep elf master archers
  16 acid blobs
  Polyphemus (Shoals:4)
  3 thorn hunters (WizLab)
  10 sphinxes
  4 ancient champions
  The ghost of Barug the Brawler, an adept TrMo of Nemelex Xobeh (Depths:4)
  9 shadow dragons
  Kirke (Lair:4)
  9 azure jellies
  8 tengu reavers
  5 revenants
  A demonspawn warmonger (Zig:4)
  16 fire giants
  2 storm dragons
  5 rockslimes
  A draconian monk (Depths:4)
  3 fenstrider witches (WizLab)
  9 deep elf sorcerers
  2 juggernaut zombies (Crypt:3)
  3 ghost moths
  3 balrugs
  13 frost giants
  16 vault wardens
  10 emperor scorpions
  3 iron dragons
  9 ghouls
  A caustic shrike zombie (Crypt:3)
  4 orc warlords
  2 curse skulls
  A cacodemon (Hell)
  A deep elf elementalist (Elf:3)
  10 stone giants
  5 war gargoyles
  A juggernaut skeleton (Crypt:2)
  18 ironbound preservers
  31 very ugly things
  5 reapers
  12 quicksilver oozes
  A demonspawn corrupter (Zig:4)
  16 ironbound thunderhulks
  An apis (Zig:1)
  Nessos (Lair:4)
  4 putrid mouths (Hell)
  2 broodmothers (Spider:4)
  3 black draconians (Depths:4)
  10 deep elf demonologists
  2 eleionomae (WizLab)
  25 vampire knights
  20 dire elephants
  5 yellow draconians (Depths:4)
  7 spark wasps
  3 lorocyprocas (Hell)
  10 deep elf annihilators
  4 eidola
  3 blizzard demons
  A crystal guardian (Vaults:2)
  Snorg (D:13)
  12 ettins
  8 deep elf death magi
  14 jiangshi
  9 yaktaur captains
  11 merfolk impalers
  7 merfolk javelineers
  5 deep elf high priests
  A shambling mangrove (WizLab)
  15 fire dragons
  14 great orbs of eyes
  5 entropy weavers
  2 hell beasts
  5 rakshasas
  A quicksilver dragon skeleton (Hell)
  36 vault guards
  2 spriggan zombies (Crypt:3)
  A caustic shrike simulacrum (Crypt:3)
  7 ironbound frosthearts
  2 jorogumos
  A catoblepas (Shoals:4)
  4 peacekeepers
  4 merfolk avatars
  2 death knights
  An anaconda (shapeshifter) (Vaults:5)
  14 ice dragons
  6 hydras
  A spriggan air mage (Depths:2)
  6 merfolk aquamancers
  2 spriggan skeletons
  14 centaur warriors
  A fenstrider witch skeleton (Crypt:3)
  5 two-headed ogres
  4 boulder beetles
  A naga warrior (Zig:3)
  8 death yaks
  2 satyrs (WizLab)
  3 titan zombies
  13 vampire magi
  9 deep troll shamans
  5 tengu warriors
  18 dancing weapons
  A spectral storm dragon (Crypt:3)
  2 naga sharpshooters (WizLab)
  7 orc high priests
  3 spriggan berserkers
  9 deep elf knights
  7 hell hogs
  A shock serpent (Zig:3)
  5 soul eaters
  12 deep troll earth magi
  5 large abominations (Elf:1)
  10 hell knights
  Sonja (D:12)
  A fire crab (shapeshifter) (Depths:2)
  3 skysharks
  14 iron trolls
  41 skeletal warriors
  A spark wasp zombie (Crypt:1)
  5 sun demons (Hell)
  9 pharaoh ants
  2 sixfirhies
  14 sea snakes
  A sun moth (Spider:2)
  49 deep trolls
  2 shadow wraiths
  3 bog bodies
  A bunyip zombie (Crypt:3)
  An anaconda zombie (Hell)
  A quicksilver dragon simulacrum (Depths:2)
  8 glowing orange brains
  A golden dragon zombie (Crypt:3)
  12 lindwurms
  5 flayed ghosts
  An anaconda skeleton (Hell)
  12 deep elf archers
  7 orb spiders
  25 phantasmal warriors
  9 necromancers
  16 orc knights
  10 steelbarb worms
  22 harpies
  39 deep elf pyromancers
  Pikel (D:4)
  2 shadow dragon zombies
  A spectral ice dragon (Crypt:3)
  10 wizards
  14 deep elf zephyrmancers
  15 ironbound convokers
  6 oklob plants
  7 fauns
  4 spectral fire dragons (Crypt:3)
  14 wolf spiders
  6 moths of wrath
  A shadow dragon skeleton (Crypt:1)
  A wolf spider (shapeshifter) (Vaults:5)
  A salamander (shapeshifter) (D:13)
  5 orc sorcerers
  45 ugly things
  19 manticores
  A shining eye (Slime:5)
  8 cyclopes
  A salamander (Depths:4)
  11 elephants
  Maurice (D:8)
  3 dire elephant zombies
  A guardian serpent (Vaults:3)
  Joseph (D:8)
  8 black mambas
  A centaur zombie (Hell)
  An alligator snapping turtle zombie (Crypt:1)
  7 rust devils (Hell)
  15 vault sentinels
  A water nymph (shapeshifter) (Vaults:5)
  2 ice statues (Hell)
  5 orange demons
  2 human skeletons
  6 molten gargoyles (Hell)
  8 merfolk sirens
  15 water nymphs
  4 gargoyles
  10 demonic crawlers
  2 eyes of devastation (Slime:5)
  3 smoke demons (Hell)
  7 torpor snails
  Psyche (D:12)
  15 cane toads
  A yaktaur (shapeshifter) (D:15)
  A kobold demonologist (D:12)
  20 yaktaurs
  2 tengu conjurers
  6 komodo dragons
  An unseen horror (D:12)
  5 rime drakes
  A yellow draconian skeleton (Crypt:1)
  2 dire elephant skeletons (Crypt:3)
  A rime drake (shapeshifter) (D:13)
  2 sea snake zombies (Hell)
  8 freezing wraiths
  An efreet (D:13)
  3 ice devils (Hell)
  2 red devils
  A grey draconian skeleton (Crypt:1)
  5 trolls
  An iron troll skeleton (Crypt:2)
  A queen bee (shapeshifter) (Elf:1)
  40 merfolk
  A meliai (D:13)
  16 wind drakes
  A mana viper skeleton (Crypt:1)
  2 saltlings (Vaults:3)
  34 tarantellas
  13 hornets
  A dream sheep (shapeshifter) (Vaults:5)
  8 polar bears
  21 blink frogs
  4 harpy zombies (Crypt:3)
  A hydra skeleton (Hell)
  An ettin zombie (Crypt:3)
  10 snapping turtles
  2 alligator zombies (Hell)
  22 dream sheep
  9 air elementals
  61 slime creatures
  A satyr skeleton (Crypt:2)
  22 flying skulls
  40 jumping spiders
  22 water elementals
  An alligator skeleton (Hell)
  31 culicivoras
  11 spriggans
  A culicivora (shapeshifter) (Vaults:4)
  2 hogs (Lair:4)
  10 wraiths
  4 basilisks
  2 golden eyes (Slime:2)
  A wyvern (D:9)
  33 yaks
  A fire elemental (Elf:2)
  2 fire bats (Depths:4)
  A steam dragon (Lair:2)
  A human (shapeshifter) (Elf:1)
  77 redbacks
  A merfolk zombie (Crypt:2)
  14 vampire mosquitoes
  A neqoxec (Depths:4)
  2 swamp worms (Lair:3)
  A naga (shapeshifter) (Vaults:3)
  2 wargs
  A hydra simulacrum (Hell)
  A naga (Zig:3)
  An acid dragon (D:10)
  11 water moccasins
  Duvessa (D:6)
  A floating eye (Slime:4)
  30 orc warriors
  4 ice beasts
  7 black bears
  A demonspawn skeleton (Crypt:1)
  3 ettin simulacra (Depths:3)
  7 small abominations (Elf:1)
  2 alligator simulacra (Hell)
  An elf simulacrum (Vaults:2)
  An ogre (shapeshifter) (Spider:4)
  57 wolves
  5 boggarts (Lair:5)
  2 ogres
  11 centaurs
  A phantom (D:4)
  4 lemures
  3 gnoll sergeants
  A salamander zombie (Crypt:3)
  11 bullfrogs
  2 human zombies
  4 earth elementals
  4 scorpions
  7 necrophages
  4 wights (D:8)
  Dowan (D:6)
  13 killer bees
  4 electric eels
  5 howler monkeys
  2 human simulacra (Vaults:2)
  A basilisk zombie (Crypt:1)
  3 jellies
  21 orc priests
  A gnoll bouda (D:10)
  2 iguanas
  18 orc wizards
  8 hell rats (Hell)
  A tengu skeleton (Crypt:3)
  An ogre zombie (Crypt:3)
  A hound zombie (Crypt:3)
  20 gnolls
  A howler monkey skeleton (Crypt:3)
  A steam dragon zombie (Crypt:3)
  7 adders
  2 swamp drake skeletons (Crypt:2)
  A white imp (D:6)
  2 worms
  77 orcs
  7 endoplasms
  4 giant cockroaches
  10 goblins
  8 hobgoblins
  3 jackals (D:2)
  A quokka (D:2)
  5 ball pythons
  3 bats (D:3)
  4 frilled lizards
  A goblin zombie (Crypt:2)
  12 kobolds
  2 kobold zombies
  An orc skeleton (Crypt:1)
  An orc zombie (Crypt:3)
  3 rats
2412 creatures vanquished.

Vanquished Creatures (collateral kills)
  A balrug (Hell)
  2 putrid mouths (Hell)
  A dire elephant (Vaults:1)
  A blizzard demon (Zig:4)
  An entropy weaver (Spider:1)
  A soul eater (Hell)
  A sun demon (Hell)
  A rust devil (Hell)
  A black mamba (Zig:3)
  A freezing wraith (Hell)
11 creatures vanquished.

Vanquished Creatures (others)
  A fire giant (D:12)
  A deep elf sorcerer (Elf:3)
  A merfolk aquamancer (Shoals:4)
  A vampire mage (Depths:2)
  A deep elf knight (Elf:3)
  A sun demon (Hell)
  A deep troll (Depths:3)
  A hornet (Spider:1)
  A hog (Lair:4)
  A bush (WizLab)
  52 fungi
  129 plants
  6 withered plants
197 creatures vanquished.

Grand Total: 2620 creatures vanquished

Notes
Turn   | Place    | Note
-------+----------+-------------------------------------------
     0 | D:1      | magipi the Gargoyle Earth Elementalist began the quest for
                  | the Orb.
     0 | D:1      | Reached XP level 1. HP: 10/10 MP: 3/3
   119 | D:1      | Reached skill level 1 in Transmutations
   122 | D:1      | Reached XP level 2. HP: 15/15 MP: 1/5
   735 | D:1      | Learned a level 2 spell: Passwall
   884 | D:1      | Reached XP level 3. HP: 19/19 MP: 4/6
   888 | D:1      | Learned a level 3 spell: Stone Arrow
  1579 | D:2      | Reached XP level 4. HP: 24/24 MP: 5/7
  1825 | D:3      | Reached skill level 5 in Earth Magic
  2231 | D:3      | Reached XP level 5. HP: 28/28 MP: 5/9
  2474 | D:3      | Reached skill level 1 in Conjurations
  2786 | D:4      | Noticed a lemure
  2867 | D:4      | Noticed a lemure
  2867 | D:4      | Noticed a lemure
  2868 | D:4      | Noticed Pikel
  2872 | D:4      | Noticed a lemure
  2878 | D:3      | Killed a lemure
  2909 | D:4      | Noticed a black bear
  2914 | D:4      | Killed a black bear
  2915 | D:4      | Reached XP level 6. HP: 24/32 MP: 4/10
  3069 | D:4      | Found a shimmering blue altar of Sif Muna.
  3228 | D:4      | Found a staircase to the Ecumenical Temple.
  3267 | D:4      | Killed Pikel
  3268 | D:4      | Reached skill level 5 in Conjurations
  3268 | D:4      | Reached XP level 7. HP: 27/36 MP: 7/13
  3270 | D:4      | Reached XP level 8. HP: 26/41 MP: 6/14
  3357 | Temple   | Entered the Ecumenical Temple
  3366 | Temple   | Became a worshipper of Vehumet
  3838 | D:4      | Found a bloodstained altar of Trog.
  3849 | D:4      | Found a burning altar of Makhleb.
  4008 | D:5      | Entered Level 5 of the Dungeon
  4409 | D:5      | Reached skill level 5 in Spellcasting
  4688 | D:6      | Found a sand-covered staircase.
  4696 | Ossuary  | Entered an ossuary
  4742 | D:6      | Noticed Duvessa
  4752 | D:6      | Noticed Dowan
  4761 | D:6      | Killed Duvessa
  4774 | D:6      | Killed Dowan
  4775 | D:6      | Reached XP level 9. HP: 38/45 MP: 7/17
  5493 | D:7      | Learned a level 2 spell: Blink
  5740 | D:7      | Reached * piety under Vehumet
  5740 | D:7      | Offered knowledge of Foxfire by Vehumet.
  6065 | D:7      | Noticed a hornet
  6072 | D:7      | Killed a hornet
  6621 | D:8      | Noticed Maurice
  6672 | D:8      | Reached skill level 10 in Earth Magic
  6679 | D:8      | Killed Maurice
  6831 | D:8      | Reached XP level 10. HP: 20/50 MP: 18/21
  7038 | D:8      | Noticed Joseph
  7218 | D:8      | Killed Joseph
  7219 | D:8      | Reached skill level 1 in Short Blades
  7219 | D:8      | Reached skill level 1 in Evocations
  7428 | D:8      | Found a staircase to the Lair.
  7428 | D:8      | Noticed an elephant
  7429 | D:8      | Noticed a death yak
  7453 | D:8      | Killed a death yak
  7465 | D:8      | Killed an elephant
  7589 | D:8      | Reached skill level 5 in Stealth
  7911 | D:9      | Found Nuraorphi's Distillery.
  7930 | D:9      | Offered knowledge of Static Discharge by Vehumet.
  7932 | D:9      | Reached ** piety under Vehumet
  7934 | D:9      | Bought a potion of heal wounds for 65 gold pieces
  7934 | D:9      | Bought a potion of invisibility for 104 gold pieces
  7934 | D:9      | Bought a potion of haste for 130 gold pieces
  8068 | D:9      | Found Hasu's Distillery.
  8330 | D:9      | Reached XP level 11. HP: 62/62 MP: 21/23
  8401 | D:9      | Reached XP level 12. HP: 68/68 MP: 24/24
  8410 | D:9      | Reached skill level 5 in Fighting
  8548 | D:10     | Entered Level 10 of the Dungeon
  9307 | D:10     | Found a staircase to the Orcish Mines.
  9395 | D:10     | Offered knowledge of Volatile Blastmotes by Vehumet.
  9551 | D:10     | Noticed a two-headed ogre
  9559 | D:10     | Killed a two-headed ogre
 10001 | D:11     | Learned a level 5 spell: Freezing Cloud
 10014 | D:11     | Noticed a boulder beetle
 10069 | D:11     | Reached skill level 1 in Ice Magic
 10179 | D:11     | Found Axoe's Antique Weapon Shop.
 10376 | D:11     | Reached skill level 1 in Air Magic
 10494 | D:11     | Reached skill level 2 in Ice Magic
 10521 | D:11     | Killed a boulder beetle
 10622 | D:11     | Learned a level 4 spell: Petrify
 10930 | D:12     | Noticed Sonja
 10931 | D:12     | Killed Sonja
 10932 | D:12     | Reached skill level 1 in Translocations
 10932 | D:12     | Reached skill level 3 in Ice Magic
 11500 | D:11     | Learned a level 4 spell: Dispel Undead
 11557 | Orc:1    | Entered Level 1 of the Orcish Mines
 11602 | Orc:2    | Entered Level 2 of the Orcish Mines
 12067 | Orc:2    | Reached *** piety under Vehumet
 12250 | Orc:1    | Found a shimmering altar of Xom.
 12253 | Orc:1    | Paralysed by an orc sorcerer for 5 turns
 12317 | Orc:1    | Offered knowledge of Sticky Flame by Vehumet.
 12373 | Orc:1    | Reached skill level 1 in Necromancy
 12805 | Orc:2    | Found a staircase to the Elven Halls.
 12808 | Orc:2    | Noticed a two-headed ogre
 12817 | Orc:2    | Killed a two-headed ogre
 12818 | Orc:2    | Reached skill level 4 in Ice Magic
 13130 | Orc:2    | Reached XP level 13. HP: 55/74 MP: 22/26
 13560 | Orc:2    | Reached **** piety under Vehumet
 13703 | Orc:2    | Offered knowledge of Frozen Ramparts by Vehumet.
 14004 | Orc:1    | Reached skill level 5 in Ice Magic
 14307 | Orc:2    | Found Beamaurr's Jewellery Boutique.
 14307 | Orc:2    | Found Zoxtuofu's Antique Weapon Emporium.
 14322 | Orc:2    | Found Luejomm's Assorted Antiques.
 14322 | Orc:2    | Found Nilaqog's Weapon Emporium.
 14455 | Orc:2    | Bought a lumpy red potion for 26 gold pieces
 14455 | Orc:2    | Bought 2 scrolls of identify for 116 gold pieces
 14455 | Orc:2    | Bought a twisted glass wand for 116 gold pieces
 14457 | Orc:2    | Bought a scroll of teleportation for 87 gold pieces
 14465 | Orc:2    | Bought the ring of Hekkadd {rC+ Will+ SInv} for 752 gold
                  | pieces
 14598 | Lair:1   | Entered Level 1 of the Lair of Beasts
 15018 | Lair:1   | Learned a level 5 spell: Lee's Rapid Deconstruction
 15679 | Lair:2   | Reached skill level 5 in Air Magic
 15772 | Lair:2   | Reached skill level 6 in Ice Magic
 16370 | Lair:2   | Reached ***** piety under Vehumet
 16372 | Lair:2   | Reached skill level 5 in Necromancy
 16570 | Lair:2   | Offered knowledge of Iron Shot by Vehumet.
 16767 | Lair:2   | Found a staircase to the Shoals.
 17114 | Lair:3   | Gained mutation: Your large and strong wings let you fly.
                  | [Gargoyle growth]
 17114 | Lair:3   | Reached XP level 14. HP: 46/80 MP: 23/27
 17548 | Lair:3   | Learned a level 6 spell: Iron Shot
 17577 | Lair:3   | Found a hole to the Spider Nest.
 17589 | Lair:3   | Identified the +9 dagger of Gallantry {flame, rF- Will-
                  | Dex+8}
 17916 | Lair:3   | Reached skill level 10 in Spellcasting
 18653 | Lair:4   | Noticed Kirke
 18663 | Lair:4   | Noticed Nessos
 18669 | Lair:4   | Killed Kirke
 18673 | Lair:4   | Killed Nessos
 19444 | Lair:4   | Reached skill level 1 in Shields
 19828 | Lair:5   | Entered Level 5 of the Lair of Beasts
 20129 | Lair:5   | Found a staircase to the Slime Pits.
 20130 | Lair:5   | Found a viscous altar of Jiyva.
 20224 | Lair:5   | Offered knowledge of Plasma Beam by Vehumet.
 21477 | Lair:5   | Reached XP level 15. HP: 60/84 MP: 14/29
 21710 | Lair:5   | Reached skill level 5 in Shields
 22141 | Orc:2    | Bought a scroll of blinking for 217 gold pieces
 23516 | Lair:5   | Reached skill level 10 in Evocations
 24146 | D:12     | Noticed Psyche
 24153 | D:12     | Killed Psyche
 24230 | D:12     | Found Qielois's Antique Armour Boutique.
 24611 | D:12     | Offered knowledge of Starburst by Vehumet.
 25130 | D:12     | Noticed a sphinx
 25139 | D:12     | Noticed a fire giant
 25268 | D:12     | Killed a sphinx
 25757 | D:12     | Found Qielois's Antique Armour Boutique.
 26143 | D:12     | Killed a fire giant
 26952 | D:13     | Reached skill level 7 in Ice Magic
 27026 | D:13     | Noticed Snorg
 27033 | D:13     | Killed Snorg
 27991 | D:13     | Reached XP level 16. HP: 78/88 MP: 28/32
 28039 | D:13     | Identified the staff of fire "Xudonuu" {rF+ Int+5 Dex+4}
 28105 | D:13     | Found a gate to the Vaults.
 28161 | D:14     | Noticed Jorgrun
 28174 | D:14     | Killed Jorgrun
 28328 | D:14     | Reached skill level 8 in Ice Magic
 28335 | D:14     | Reached skill level 10 in Conjurations
 28461 | D:14     | Reached skill level 10 in Necromancy
 28609 | D:14     | Offered knowledge of Arcjolt by Vehumet.
 28647 | D:14     | Got the Elucidation of Axaxaxas mlö
 28664 | D:14     | Reached skill level 9 in Ice Magic
 28915 | D:14     | Got Sif Muna's Secrets of Plaster Cramp
 28924 | D:14     | Got Ts'ui Pên's Elucidation of Forking Paths
 29530 | Orc:2    | Bought an amulet of reflection for 540 gold pieces
 29687 | D:15     | Entered Level 15 of the Dungeon
 29861 | D:15     | Found a blossoming altar of Fedhas.
 30790 | D:15     | Found a staircase to the Depths.
 31025 | Spider:1 | Entered Level 1 of the Spider Nest
 31672 | Spider:1 | Reached skill level 10 in Ice Magic
 31744 | Spider:1 | You are sucked into a shaft and drop 1 floor!
 32418 | Spider:2 | Offered knowledge of Conjure Ball Lightning by Vehumet.
 33429 | Spider:1 | Reached skill level 11 in Ice Magic
 33429 | Spider:1 | Reached XP level 17. HP: 50/97 MP: 4/33
 34438 | Shoals:1 | Entered Level 1 of the Shoals
 36433 | Shoals:2 | Offered knowledge of Irradiate by Vehumet.
 36871 | Shoals:2 | Found Jiubupp's Visitors' Centre.
 36951 | Shoals:2 | Found Jiubupp's Merfolk Magic.
 36951 | Shoals:2 | Found Jiubupp's Merfolk Weapons.
 38015 | Shoals:3 | Found Feka Ilogh's Book Emporium.
 38028 | Shoals:3 | Reached XP level 18. HP: 102/104 MP: 21/34
 38493 | Spider:2 | Offered knowledge of Maxwell's Capacitive Coupling by
                  | Vehumet.
 38991 | Spider:2 | Learned a level 1 spell: Apportation
 39259 | Spider:3 | Identified the amulet "Pikiupn" {Spirit rF+ Slay+2}
 41986 | Elf:1    | Entered Level 1 of the Elven Halls
 42019 | Elf:1    | Found a radiant altar of Vehumet.
 43737 | Elf:1    | Got the Guidebook on Momentum
 44246 | Elf:1    | Reached skill level 10 in Shields
 44246 | Elf:1    | Reached skill level 12 in Ice Magic
 44583 | Elf:2    | Reached XP level 19. HP: 110/110 MP: 27/35
 45200 | Elf:2    | Found a runed translucent gate.
 45201 | Elf:2    | Found a runed translucent gate.
 45201 | Elf:2    | Found a runed translucent gate.
 45893 | Elf:3    | Entered Level 3 of the Elven Halls
 46272 | Elf:3    | Found a shimmering blue altar of Sif Muna.
 46402 | Elf:3    | Found a shimmering blue altar of Sif Muna.
 47386 | Elf:3    | Identified the amulet of Tefyfuo {Rampage rN++ Regen+ Int+2
                  | SInv}
 47645 | Elf:3    | Identified the ring of Jozilofe {Str+6 Int+2 Slay+4 Stlth+}
 47661 | Elf:3    | Identified the +0 chain mail "Wete" {*Slow Int+4}
 47679 | Elf:3    | Reached ****** piety under Vehumet
 48022 | Elf:3    | Identified the amulet of Pebocsah {RegenMP rPois rCorr
                  | Str-5 Int+3 SInv}
 48441 | Elf:3    | Reached skill level 10 in Stealth
 48569 | Elf:3    | Identified the +2 ring mail of Morality {rElec Int+2}
 48883 | Elf:3    | Identified the +7 shortbow "Dizilifu" {speed, rN++ Int+3
                  | Dex-3}
 48889 | Elf:3    | Got Igasm's Monograph on Roasted Teratogeny
 49280 | Shoals:4 | Entered Level 4 of the Shoals
 49457 | Shoals:4 | Reached skill level 1 in Long Blades
 49545 | Shoals:3 | Offered knowledge of Fire Storm by Vehumet.
 49545 | Shoals:3 | Offered knowledge of Shatter by Vehumet.
 49545 | Shoals:3 | Offered knowledge of Chain Lightning by Vehumet.
 49920 | Shoals:4 | Paralysed by an air elemental for 1 turns
 50301 | Shoals:4 | Reached skill level 13 in Ice Magic
 50424 | Shoals:4 | Paralysed by an air elemental for 1 turns
 50984 | Shoals:4 | Reached XP level 20. HP: 115/115 MP: 19/36
 51518 | Shoals:4 | Noticed Polyphemus
 51532 | Shoals:4 | Killed Polyphemus
 51885 | Shoals:4 | Paralysed by an air elemental for 1 turns
 51889 | Shoals:4 | Paralysed by an air elemental for 1 turns
 51891 | Shoals:4 | Reached skill level 5 in Translocations
 52384 | Shoals:4 | Got a barnacled rune of Zot
 52388 | Shoals:4 | Got the Folio of Tainted Immolation
 52390 | Shoals:4 | Got Sif Muna's Codex of Unstable Hexing
 53023 | Shoals:4 | Reached skill level 5 in Long Blades
 53734 | Spider:4 | Entered Level 4 of the Spider Nest
 57144 | Spider:4 | Got a gossamer rune of Zot
 57465 | Vaults:1 | Entered Level 1 of the Vaults
 57789 | D:13     | Reached skill level 14 in Ice Magic
 58515 | Vaults:1 | Reached XP level 21. HP: 118/121 MP: 22/37
 58731 | Vaults:1 | Found a runed translucent gate.
 58927 | Vaults:1 | Found a runed translucent gate.
 58927 | Vaults:1 | Found a runed translucent gate.
 58928 | Vaults:1 | Noticed handsome's ghost (veteran OpWn)
 58928 | Vaults:1 | Noticed casual's ghost (veteran MiMo)
 58929 | Vaults:1 | Noticed Marixus's ghost (adept HOFi)
 59100 | Vaults:1 | Reached skill level 10 in Fighting
 59163 | Vaults:1 | Reached skill level 10 in Air Magic
 59417 | Vaults:1 | Reached skill level 15 in Ice Magic
 59702 | Vaults:1 | Identified the staff of cold "Emujom" {+Blink rC+ Int+2}
 60486 | Vaults:1 | Killed casual's ghost
 60889 | Vaults:1 | Killed handsome's ghost
 62005 | Vaults:1 | Killed Marixus's ghost
 62006 | Vaults:1 | Reached skill level 16 in Ice Magic
 62734 | Vaults:2 | Found a magical portal.
 62748 | WizLab   | Entered Eringya's Formal Garden
 63601 | WizLab   | Reached skill level 17 in Ice Magic
 64359 | WizLab   | Found a blossoming altar of Fedhas.
 65227 | Vaults:2 | Reached skill level 18 in Ice Magic
 65325 | Vaults:2 | You are sucked into a shaft and drop 1 floor!
 65339 | Vaults:3 | Learned a level 7 spell: Ozocubu's Refrigeration
 65355 | Vaults:3 | Reached XP level 22. HP: 117/127 MP: 19/38
 65554 | Vaults:3 | Found a crumbling gateway.
 65598 | Vaults:3 | Noticed Zenata
 65785 | Vaults:3 | Killed Zenata
 68005 | Vaults:3 | Found a staircase to the Crypt.
 68459 | Vaults:3 | Reached skill level 19 in Ice Magic
 70771 | Vaults:4 | Reached skill level 20 in Ice Magic
 70954 | Vaults:4 | Reached XP level 23. HP: 120/132 MP: 30/41
 71338 | Vaults:4 | Got the Disquisition on Conflict
 71793 | Depths:1 | Entered Level 1 of the Depths
 71793 | Depths:1 | Found Moifiav's Assorted Antiques.
 71797 | Depths:1 | Bought a scroll of teleportation for 114 gold pieces
 71797 | Depths:1 | Bought a glowing dagger for 190 gold pieces
 71989 | Depths:1 | Found a hazy altar of Hepliaklqana.
 72100 | Depths:1 | Found a runed translucent gate.
 72100 | Depths:1 | Found a runed translucent gate.
 72100 | Depths:1 | Found a runed translucent gate.
 72100 | Depths:1 | Noticed Janeylunn's ghost (veteran GnWn)
 72112 | Depths:1 | Killed Janeylunn's ghost
 72265 | Depths:1 | Found Wekk's Antique Armour Boutique.
 72267 | Depths:1 | Found Jexyssegips's Armour Shop.
 72269 | Depths:1 | Found Viexoif's Armour Boutique.
 72520 | Depths:1 | Found a gateway to Hell.
 73112 | Depths:1 | Reached skill level 21 in Ice Magic
 73987 | Depths:2 | Learned a level 9 spell: Polar Vortex
 74103 | Depths:2 | Noticed a golden dragon
 74687 | Depths:2 | Killed a golden dragon
 76322 | Depths:2 | You are sucked into a shaft and drop 2 floors!
 76322 | Depths:4 | Entered Level 4 of the Depths
 76335 | Depths:4 | Reached skill level 22 in Ice Magic
 76360 | Depths:4 | Found a one-way gate leading to the halls of Pandemonium.
 76414 | Depths:4 | Found a runed translucent door.
 76415 | Depths:4 | Noticed Barug's ghost (adept TrMo)
 76750 | Depths:3 | Found a one-way gate to the infinite horrors of the Abyss.
 78858 | Depths:2 | Reached XP level 24. HP: 145/145 MP: 24/41
 79105 | Depths:2 | Noticed a caustic shrike
 79252 | Depths:2 | Killed a caustic shrike
 79704 | Depths:2 | Identified the +8 mace of Guhad {protect, rF+}
 79853 | Depths:2 | Noticed a juggernaut
 79861 | Depths:2 | Killed a juggernaut
 82058 | Depths:2 | Identified the +9 trident "Bohog" {antimagic, +Blink}
 82446 | Depths:2 | Noticed a juggernaut
 82454 | Depths:2 | Killed a juggernaut
 82573 | Depths:2 | Reached skill level 15 in Spellcasting
 82621 | Depths:2 | Identified the +0 long sword of Instinct {elec, rCorr}
 83028 | Depths:2 | Identified the +3 battleaxe of Eternal Harmony {flame,
                  | *Rage rF+ SInv Stlth+}
 83506 | Depths:2 | Got Quxkel's Disquisition on the Bonfire
 84500 | Depths:4 | Killed Barug's ghost
 84503 | Depths:4 | Got Sif Muna's Grimoire of the Evolving Sixfirhy
 84527 | Depths:4 | Found an iron altar of Okawaru.
 84922 | Depths:4 | Reached skill level 15 in Earth Magic
 85034 | Depths:4 | Identified the +1 flail "Zirat" {spect, *Rage Str+8 Int-2}
 85377 | Depths:4 | Noticed Boris
 85388 | Depths:4 | Killed Boris
 86102 | Depths:4 | Found a one-way gateway to a ziggurat.
 86209 | Depths:4 | Reached XP level 25. HP: 152/152 MP: 26/43
 86614 | Depths:4 | Found a gate to the Realm of Zot.
 86967 | Crypt:1  | Entered Level 1 of the Crypt
 87762 | Crypt:1  | Identified the +0 pair of gloves of Marbles {rC++ Will+}
 88595 | Crypt:2  | Got the Book of Viridian Pyromania
 88698 | Crypt:1  | Found an ancient bone altar of Kikubaaqudgha.
 89353 | Crypt:3  | Entered Level 3 of the Crypt
 89850 | Crypt:3  | Identified the +11 dagger of the Sneaky Olives {speed,
                  | *Corrode rC++ Str+5}
 90801 | Crypt:3  | Found a staircase to the Tomb.
 91641 | Crypt:3  | Found an ancient bone altar of Kikubaaqudgha.
 92578 | Crypt:3  | Reached skill level 1 in Throwing
 92763 | Crypt:3  | Reached XP level 26. HP: 129/158 MP: 44/45
 93523 | Vaults:5 | Entered Level 5 of the Vaults
 93531 | Vaults:4 | Reached skill level 1 in Armour
 93892 | Vaults:5 | Reached skill level 5 in Throwing
 94458 | Vaults:5 | Noticed an ancient lich
 95013 | Vaults:4 | Killed an ancient lich
 95952 | Vaults:5 | Learned a level 9 spell: Shatter
 96064 | Vaults:5 | Reached skill level 5 in Armour
 96499 | Vaults:5 | Got Sif Muna's Incunabulum of Liberalism
 96601 | Vaults:5 | Identified the +11 glaive of the Transparent God {holy,
                  | SInv Stlth+}
 97281 | Vaults:5 | Reached skill level 5 in Dodging
 97487 | Vaults:5 | Got a silver rune of Zot
 97545 | Vaults:5 | Identified the +5 great sword "Zuzile" {freeze, rPois}
 98514 | Vaults:5 | Identified the +8 dagger of the Orb {heavy, rPois}
 99031 | Vaults:5 | Noticed an ancient lich
 99037 | Vaults:5 | Killed an ancient lich
 99805 | Depths:1 | Bought the +0 cloak of Suiguh {Rampage rPois rCorr Int+2}
                  | for 510 gold pieces
100082 | Slime:1  | Entered Level 1 of the Pits of Slime
100222 | Slime:4  | Paralysed by a floating eye for 4 turns
100345 | Slime:5  | Entered Level 5 of the Pits of Slime
100382 | Slime:5  | Reached XP level 27. HP: 159/163 MP: 45/45
100449 | Slime:5  | Reached skill level 10 in Throwing
100627 | Slime:5  | Noticed the Royal Jelly
100640 | Slime:5  | Killed the Royal Jelly
100805 | Slime:5  | Found the brooch of Shielding {Spirit SH+8}
100856 | Slime:5  | Identified the ring "Atoptore" {rPois rC+ MP-9 Str+6
                  | Stlth+}
100862 | Slime:5  | Got a slimy rune of Zot
100899 | Slime:5  | Identified the ring "Oqekybekh" {Fly rElec Str+6 Int-2}
100925 | Slime:5  | Identified the +0 ring mail "Koasep" {Fly Str+3 Int-2}
102471 | Shoals:3 | Bought a manual of Armour for 1360 gold pieces
102990 | D:9      | Bought a potion of mutation for 104 gold pieces
102990 | D:9      | Bought a potion of haste for 130 gold pieces
102990 | D:9      | Bought a potion of might for 52 gold pieces
102990 | D:9      | Bought a potion of brilliance for 52 gold pieces
103135 | Shoals:2 | Bought a scroll of teleportation for 300 gold pieces
103415 | Depths:1 | Bought a wand of light (6) for 957 gold pieces
103548 | Hell     | Entered the Vestibule of Hell
103548 | Hell     | Noticed Geryon
103563 | Hell     | Killed Geryon
103580 | Hell     | Reached skill level 10 in Armour
103692 | Hell     | Found a gateway to the Iron City of Dis.
103758 | Hell     | HP: 8/163 [tainted leviathan (53)]
103962 | Hell     | Found a gateway to the decaying netherworld of Tartarus.
104095 | Hell     | Found a gateway to the freezing wastes of Cocytus.
104216 | Hell     | Found a gateway to the ashen valley of Gehenna.
104369 | Zig:1    | Entered Level 1 of a ziggurat
104391 | Zig:2    | Entered Level 2 of a ziggurat
104394 | Zig:2    | Identified a scroll of acquirement
104423 | Zig:2    | Acquired Modoofau's Secrets of Unholy Rituals
104441 | Zig:2    | Learned a level 8 spell: Necromutation
104447 | Zig:3    | Entered Level 3 of a ziggurat
104462 | Zig:3    | Identified the ring "Paixoipt" {rF+ Dex+6 Slay+5}
104487 | Zig:4    | Entered Level 4 of a ziggurat
104490 | Zig:4    | Noticed Icven the pandemonium lord
104496 | Zig:4    | Killed Icven the pandemonium lord
104534 | Zig:5    | Entered Level 5 of a ziggurat
104539 | Zig:5    | Noticed Fuur Nagh the pandemonium lord
104552 | Zig:5    | Annihilated by Fuur Nagh the pandemonium lord

Illustrated notes

Levels and vault maps discovered:
D:1:      dpeg_arrival_pits, layout_loops_ring
D:2:      layout_loops_cross, roderic_roman_lattice
D:3:      layout_loops_cross, nicolae_grassy_gnolls
D:4:      layout_cave_pools, mainiacjoe_overflow_swirl, lemuel_crystal_altar,
          temple_green, dk_noncrumbling_3, uniq_pikel
D:5:      layout_cave_pools
D:6:      layout_basic, nicolae_ossuary_entry_false_entrances, uniq_duvessa
D:7:      layout_cave_pods, kennysheep_nondescript
D:8:      layout_loops_ring, david_lair_generic, uniq_maurice, uniq_joseph
D:9:      layout_roguey, serial_shops, shop, nicolae_take_the_stairs
D:10:     layout_roguey, david_orc_5
D:11:     layout_irregular_city, serial_shops, nicolae_shop_tiny_real_fake_doors
D:12:     minmay_glassy_protrusions, layout_stronghold, serial_shops, shop,
          uniq_sonja, uniq_psyche
D:13:     minmay_clustersquares, layout_irregular_city, david_vaults_4,
          uniq_snorg
D:14:     layout_loops_ring, grunt_decor_mini_mirrors,
          bh_hangedman_babel_library, uniq_jorgrun
D:15:     grunt_enter_depths_hoard, layout_long_grid, fedhas_altar_3
Temple:   nicolae_temple_bog_church
Lair:1:   layout_roguey, grunt_megastairs_5
Lair:2:   layout_cave_pods, minmay_shoals_entry_beasts
Lair:3:   layout_gridlike, spider_nest_entry_a, worms_lemuel,
          serial_bayou_shore_a
Lair:4:   minmay_lair_oklob_tunnel, layout_regular_city, forest_entry_grove,
          uniq_kirke, uniq_nessos
Lair:5:   minmay_lair_end_enchanted_forest, layout_small_grid, slime_entry_1,
          grunt_forest_large_clearings, lemuel_fruit_fields, grunt_megastairs_4,
          infiniplex_staircase_pool
Shoals:1: layout_shoals, centaur_isle
Shoals:2: nicolae_shoals_mermall, layout_shoals
Shoals:3: layout_shoals, serial_shops, shop
Shoals:4: shoals_end_hellmonk_storm_palace [storm_palace_center_square,
          storm_palace_corner_reverse_hut, storm_palace_corner_blocked,
          storm_palace_corner_reverse_hut, storm_palace_corner_narrow],
          serial_shops, uniq_polyphemus
Spider:1: layout_spider_delve, lemuel_hornet_nest
Spider:2: nicolae_spider_mines_3, hangedman_spider_tarantella_strand
Spider:3: nicolae_spider_hilbert_zone_2 [nicolae_spider_hilbert_4_sides_1_open,
          nicolae_spider_hilbert_4_sides_1_open,
          nicolae_spider_hilbert_4_sides_1_open,
          nicolae_spider_hilbert_4_sides_1_open,
          nicolae_spider_hilbert_6_sides_1_open,
          nicolae_spider_hilbert_6_sides_1_open,
          nicolae_spider_hilbert_3_sides_1_open,
          nicolae_spider_hilbert_3_sides_1_open,
          nicolae_spider_hilbert_3_sides_1_open,
          nicolae_spider_hilbert_3_sides_1_open,
          nicolae_spider_hilbert_6_sides_1_open,
          nicolae_spider_hilbert_6_sides_1_open,
          nicolae_spider_hilbert_6_sides_1_open,
          nicolae_spider_hilbert_6_sides_1_open]
Spider:4: grunt_spider_rune_circles, hellmonk_deceptive_appearances
Slime:1:  layout_caves
Slime:2:  layout_caves
Slime:3:  layout_caves
Slime:4:  layout_caves
Slime:5
Orc:1:    layout_diamond_mine, basic_altar, guppyfry_library_mini
Orc:2:    grunt_orc_tribal_feast, layout_caves
Elf:1:    eino_elf_arrival_altar, layout_geoelf_grid, minmay_elf_annihilation,
          laboratory
Elf:2:    elven_hall_of_blades_hangedman_original [nicolae_blade_tridents],
          layout_geoelf_octagon, special_room [special_room_orc], uniq_aizul
Elf:3:    grunt_elf_hall_asides, layout_geoelf_castle, basic_altar,
          lemuel_statue_altar, dreamdust_mushroom_princess
Vaults:1: gammafunk_ghost_cemetery, nicolae_vaults_network_periphery,
          dpeg_vaults_monster_box, nicolae_vaults_stairing_the_circle,
          nicolae_vaults_sightless_eye, nicolae_vaults_big_ls,
          nicolae_vaults_meiosis, nicolae_vaults_minivaults,
          nicolae_vaults_little_squares_6, layout_vaults_maze
Vaults:2: mu_enter_wizlab_4, vaults_mumra_lcd,
          vaults_room_grunt_arrival_checkpoint, nicolae_vaults_big_angled_halls,
          v_misc_4, nicolae_vaults_hallways_thing,
          nicolae_vaults_storage_room_glass, v_misc_14, nicolae_vaults_asterisk,
          v_misc_27, vaults_dpeg_encased_lava, v_misc_10,
          hangedman_vaults_capsules, nicolae_vaults_little_squares_3,
          nicolae_vaults_yaktaur_gun_rack, layout_vaults_omnicross
Vaults:3: portal_desolation_entry_salt, nicolae_vaults_frosty_reception,
          vaults_room_large_hall, nicolae_vaults_murder_corner,
          nicolae_vaults_trapezoid_lopsided_4, minmay_crypt_entry_simple_sparse,
          nicolae_vaults_hexular_roomagon, nicolae_vaults_little_squares_4,
          nicolae_vaults_closet_pinwheel_3, vaults_mumra_hex, v_pattern_5,
          nicolae_vaults_three_branches, v_misc_2, layout_vaults_omnibox,
          uniq_zenata
Vaults:4: nicolae_vaults_windows_and_doors_thing, nicolae_vaults_what_the_h,
          nicolae_vaults_heart-shaped_vault, v_misc_16, ontoclasm_vaults_shout,
          nicolae_vaults_asterisk, nicolae_vaults_theta,
          nicolae_vaults_tetromino_L_1, v_misc_28, layout_vaults_omnigrid
Vaults:5
Crypt:1:  statuecave_lemuel, layout_chaotic_city, lemuel_upstairs_altar
Crypt:2:  layout_chaotic_city, minmay_misc_feat_hallway
Crypt:3:  church_of_pain_bobbens, layout_chaotic_city, weyrava_ghost_lake
Depths:1: layout_gridlike, ebering_ghost_rock_garden, pf_coc_iceberg,
          serial_shops, shop, minmay_misc_feat_rows,
          nicolae_hepliaklqana_hazy_memory, minmay_shop_star,
          serial_bayou_shore_b
Depths:2: minmay_the_grid_square_5x5_5x5
          [minmay_the_grid_square_5x5_pentomino_r,
          minmay_the_grid_square_5x5_tie, minmay_the_grid_square_5x5_minimal,
          minmay_the_grid_square_5x5_spiral, minmay_the_grid_square_5x5_inner_z,
          minmay_the_grid_square_5x5_doubleslash,
          minmay_the_grid_square_5x5_prize_gold,
          minmay_the_grid_square_5x5_longway,
          minmay_the_grid_square_5x5_prize_junk,
          minmay_the_grid_square_5x5_fat_x, minmay_the_grid_square_5x5_forky,
          minmay_the_grid_square_5x5_v,
          minmay_the_grid_square_5x5_prize_snowflake,
          minmay_the_grid_square_5x5_trominoes, minmay_the_grid_square_5x5_bite,
          minmay_the_grid_square_5x5_misaligned,
          minmay_the_grid_square_5x5_prize_rear_guard,
          minmay_the_grid_square_5x5_percent,
          minmay_the_grid_square_5x5_prize_deathbox,
          minmay_the_grid_square_5x5_broken_cross,
          minmay_the_grid_square_5x5_checkered_statues,
          minmay_the_grid_square_5x5_n_small,
          minmay_the_grid_square_5x5_spiral_small,
          minmay_the_grid_square_5x5_shrine2,
          minmay_the_grid_square_5x5_dogpile], layout_long_grid,
          grunt_mini_vestibule, grunt_pan_entry_in_and_out,
          nicolae_figureground_pulse, infiniplex_staircase_zigzag_2
Depths:3: hangedman_elemental_death_ray, layout_honeycomb, abyss_entry,
          pf_dread_powers_of_hell
Depths:4: grunt_bruiser_brothers, layout_cave_pools, enter_ziggurat_e,
          rand_demon_pan_entry_3, gammafunk_ghost_grave, hell_entry,
          okawaru_ov_weapons_minmay, abyss_entry_small_statue_room, uniq_boris
Hell
Zig:5

Skill      XL: |  1  2  3  4  5  6  7  8  9 10 11 12 13 14 15 16 17 18 19 20 21 22 23 24 25 26 27 |
---------------+----------------------------------------------------------------------------------+-----
Transmutations | 1 2 3 4 |  4.7
Earth Magic    | 4 5 6 7 8 10 11 12 15 19 20 21 | 21.8
Conjurations   | 2 5 7 8 9 10 12 | 12.0
Spellcasting   | 3 4 5 7 8 9 10 12 14 16 18 | 18.0
Short Blades   | 6 7 8 |  8.7
Stealth        | 6 8 10 | 10.0
Evocations     | 7 8 9 10 | 10.0
Fighting       | 4 6 8 9 10 13 14 | 14.0
Ice Magic      | 4 6 7 11 12 13 14 18 20 22 | 22.0
Air Magic      | 3 6 7 8 9 10 | 10.0
Translocations | 2 4 6 |  6.0
Necromancy     | 1 5 8 9 10 13 14 | 14.0
Shields        | 4 6 8 10 | 10.0
Long Blades    | 2 7 8 |  8.2
Throwing       | 2 9 12 | 12.0
Armour         | 7 11 | 11.0
Dodging        | 6 7 |  7.8

Action                     |  1- 3 |  4- 6 |  7- 9 | 10-12 | 13-15 | 16-18 | 19-21 | 22-24 | 25-27 || total
---------------------------+-------+-------+-------+-------+-------+-------+-------+-------+-------++-------
  Melee: Dagger            |       |       |       |     9 |    65 |   160 |   357 |   140 |   175 ||   906
         Punch             |       |       |       |       |     1 |       |       |       |       ||     1
         Staff             |       |       |       |       |       |     1 |    40 |   101 |    34 ||   176
  Throw: Dart              |       |       |       |       |     1 |       |       |       |       ||     1
         Boomerang         |       |       |       |       |       |     8 |       |     6 |     8 ||    22
         Javelin           |       |       |       |       |       |       |       |       |     1 ||     1
   Cast: Sandblast         |    44 |   110 |   130 |   269 |   520 |   584 |   247 |    26 |     1 ||  1931
         Stone Arrow       |       |       |     3 |    68 |   159 |   297 |   258 |   472 |    47 ||  1304
         Petrify           |       |       |       |     2 |    13 |     9 |     3 |     4 |       ||    31
         Blink             |       |       |       |     1 |     1 |     1 |     6 |    10 |     3 ||    22
         Lee's Rapid Decon |       |       |       |       |    42 |    69 |   161 |    46 |    24 ||   342
         Freezing Cloud    |       |       |       |       |    14 |    52 |   122 |    79 |     4 ||   271
         Passwall          |       |       |       |       |     4 |     2 |       |       |       ||     6
         Iron Shot         |       |       |       |       |    42 |    89 |   171 |   320 |    92 ||   714
         Dispel Undead     |       |       |       |       |    10 |     3 |    18 |    69 |   272 ||   372
         Ozocubu's Refrige |       |       |       |       |       |       |     4 |       |       ||     4
         Polar Vortex      |       |       |       |       |       |       |       |    13 |    85 ||    98
         Shatter           |       |       |       |       |       |       |       |       |    23 ||    23
  Evoke: Wand              |       |       |       |     5 |     8 |    34 |    19 |    35 |     3 ||   104
         Lightning rod     |       |       |       |     6 |     2 |     6 |    13 |     9 |       ||    36
         Box of beasts     |       |       |       |       |       |     1 |     1 |       |       ||     2
         Tin of tremorston |       |       |       |       |       |       |       |     1 |     2 ||     3
    Use: Scroll            |       |    13 |    10 |     4 |    10 |     5 |    12 |     9 |     8 ||    71
         Potion            |       |     3 |       |     7 |     2 |     6 |     7 |     8 |     4 ||    37
   Stab: Sleeping          |       |       |       |     2 |     9 |     6 |     1 |     6 |     6 ||    30
         Petrified         |       |       |       |     4 |    14 |    20 |     2 |     4 |       ||    44
         Paralysed         |       |       |       |     2 |       |     1 |     1 |     4 |       ||     8
         Petrifying        |       |       |       |       |     1 |     2 |       |       |       ||     3
         Distracted        |       |       |       |       |       |     1 |     4 |     3 |     3 ||    11
         Invisible         |       |       |       |       |       |       |    10 |     9 |     1 ||    20
 Armour: Robe              |     6 |    16 |    32 |   113 |   411 |   455 |   414 |   340 |   464 ||  2251
         Skin              |       |       |       |       |       |       |       |       |     2 ||     2
  Dodge: Dodged            |     8 |    36 |    34 |   102 |   442 |   666 |   386 |   270 |   295 ||  2239
         Repelled          |       |       |     1 |       |       |       |       |       |       ||     1
  Block: Buckler           |       |       |       |       |   123 |   537 |       |       |   124 ||   784
         Reflection        |       |       |       |       |       |    37 |    56 |    23 |    16 ||   132
         Kite shield       |       |       |       |       |       |    56 |   740 |   642 |   406 ||  1844

Action                     |  1- 3 |  4- 6 |  7- 9 | 10-12 | 13-15 | 16-18 | 19-21 | 22-24 | 25-27 || total
---------------------------+-------+-------+-------+-------+-------+-------+-------+-------+-------++-------
  Melee: Dagger            |       |       |       |     9 |    65 |   160 |   357 |   140 |   175 ||   906
         Punch             |       |       |       |       |     1 |       |       |       |       ||     1
         Staff             |       |       |       |       |       |     1 |    40 |   101 |    34 ||   176
  Throw: Dart              |       |       |       |       |     1 |       |       |       |       ||     1
         Boomerang         |       |       |       |       |       |     8 |       |     6 |     8 ||    22
         Javelin           |       |       |       |       |       |       |       |       |     1 ||     1
   Cast: Sandblast         |    44 |   110 |   130 |   269 |   520 |   584 |   247 |    26 |     1 ||  1931
         Stone Arrow       |       |       |     3 |    68 |   159 |   297 |   258 |   472 |    47 ||  1304
         Petrify           |       |       |       |     2 |    13 |     9 |     3 |     4 |       ||    31
         Blink             |       |       |       |     1 |     1 |     1 |     6 |    10 |     3 ||    22
         Lee's Rapid Decon |       |       |       |       |    42 |    69 |   161 |    46 |    24 ||   342
         Freezing Cloud    |       |       |       |       |    14 |    52 |   122 |    79 |     4 ||   271
         Passwall          |       |       |       |       |     4 |     2 |       |       |       ||     6
         Iron Shot         |       |       |       |       |    42 |    89 |   171 |   320 |    92 ||   714
         Dispel Undead     |       |       |       |       |    10 |     3 |    18 |    69 |   272 ||   372
         Ozocubu's Refrige |       |       |       |       |       |       |     4 |       |       ||     4
         Polar Vortex      |       |       |       |       |       |       |       |    13 |    85 ||    98
         Shatter           |       |       |       |       |       |       |       |       |    23 ||    23
  Evoke: Wand              |       |       |       |     5 |     8 |    34 |    19 |    35 |     3 ||   104
         Lightning rod     |       |       |       |     6 |     2 |     6 |    13 |     9 |       ||    36
         Box of beasts     |       |       |       |       |       |     1 |     1 |       |       ||     2
         Tin of tremorston |       |       |       |       |       |       |       |     1 |     2 ||     3
    Use: Scroll            |       |    13 |    10 |     4 |    10 |     5 |    12 |     9 |     8 ||    71
         Potion            |       |     3 |       |     7 |     2 |     6 |     7 |     8 |     4 ||    37
   Stab: Sleeping          |       |       |       |     2 |     9 |     6 |     1 |     6 |     6 ||    30
         Petrified         |       |       |       |     4 |    14 |    20 |     2 |     4 |       ||    44
         Paralysed         |       |       |       |     2 |       |     1 |     1 |     4 |       ||     8
         Petrifying        |       |       |       |       |     1 |     2 |       |       |       ||     3
         Distracted        |       |       |       |       |       |     1 |     4 |     3 |     3 ||    11
         Invisible         |       |       |       |       |       |       |    10 |     9 |     1 ||    20
 Armour: Robe              |     6 |    16 |    32 |   113 |   411 |   455 |   414 |   340 |   464 ||  2251
         Skin              |       |       |       |       |       |       |       |       |     2 ||     2
  Dodge: Dodged            |     8 |    36 |    34 |   102 |   442 |   666 |   386 |   270 |   295 ||  2239
         Repelled          |       |       |     1 |       |       |       |       |       |       ||     1
  Block: Buckler           |       |       |       |       |   123 |   537 |       |       |   124 ||   784
         Reflection        |       |       |       |       |       |    37 |    56 |    23 |    16 ||   132
         Kite shield       |       |       |       |       |       |    56 |   740 |   642 |   406 ||  1844
